 Dungeon Sprint DCSS version 0.31.0-12-g77e489cdc1 (webtiles) character file.

Game seed: 15805863723401110803

2 BigDaddyOpFi the Grave Robber (level 1, 0/13 HPs)
             Began as a Mummy Necromancer on Mar 7, 2024.
             Slain by a jackal (3 damage)
             ... in the Dungeon (Sprint VII: "The Pits").
             The game lasted 00:01:31 (36 turns).

BigDaddyOpFi the Grave Robber (Mummy Necromancer)     Turns: 36, Time: 00:01:31

Health: 0/13       AC:  2    Str: 11    XL:     1   Next: 33%
Magic:  1/4        EV: 12    Int: 14    God:
Gold:   0          SH:  0    Dex: 12    Spells: 5/6 levels left

rFire   x . .        (no weapon)
rCold   + . .        (no shield)
rNeg    + + +        a - +0 robe
rPois   ∞            (no helmet)
rElec   .            (no cloak)
rCorr   .            (no gloves)
SInv    .            (no boots)
Will    .....        (no amulet)
Stlth   ++           (no ring)
HPRegen 0.22/turn    (no ring)
MPRegen 0.09/turn

%: no teleportation, faith
@: no status effects
A: cold resistance 1, negative energy resistance 3, torment resistance 2, heat
vulnerability 1, in touch with death 1, no potions, faith
a: no special abilities


You were in the Dungeon.
You visited 1 branch

Inventory:

Armour
 a - a +0 robe (worn)
Scrolls
 b - a scroll of blinking


   Skills:
 + Level 1.7 Dodging
 + Level 1.6 Stealth
 + Level 3.0 Spellcasting
 + Level 4.6 Necromancy


You had 5 spell levels left.
You knew the following spells:

 Your Spells              Type           Power      Damage    Failure   Level
a - Necrotise             Necr           88%        1d8       3%          1

Your spell library contained the following spells:

 Spells                   Type           Power      Damage    Failure   Level
 Vampiric Draining        Necr           22%        2d7       10%         3
 Animate Dead             Necr           22%        N/A       32%         4
 Curse of Agony           Necr           22%        N/A       65%         5


Dungeon Overview and Level Annotations

Branches:
Dungeon (1/1)

Altars:


Innate Abilities, Weirdness & Mutations

You are immune to poison.
Your flesh is cold resistant. (rC+)
You are immune to negative energy. (rN+++)
You are immune to unholy pain and torment.
You are vulnerable to heat. (rF-)
You are in touch with the powers of death.
You do not drink.
You have a special connection with the divine. (Faith)


Message History

Your jackal skeleton barely misses the jackal.
You hit the jackal but do no damage.
The jackal is almost dead.
The jackal bites you.
The jackal bites you but does no damage.
Your jackal skeleton bites the jackal.
The jackal bites you but does no damage. x2
You hit the jackal but do no damage.
The jackal is almost dead.
The jackal bites you.
Your jackal skeleton bites the jackal but does no damage.
The jackal bites you.
You miss the jackal.
The jackal is severely wounded.
The jackal closely misses you. The jackal bites you.
* * * LOW HITPOINT WARNING * * *
Your jackal skeleton barely misses the jackal.
You hit the jackal but do no damage.
The jackal is severely wounded.
The jackal bites you.
* * * LOW HITPOINT WARNING * * *
The jackal barely misses you.
Your jackal skeleton barely misses the jackal.
The jackal bites you but does no damage.
The jackal misses you.
You closely miss the jackal.
The jackal is severely wounded.
Your jackal skeleton bites the jackal but does no damage.
The jackal bites you but does no damage. x2
Your jackal skeleton closely misses the jackal.
You hit the jackal.
You kill the jackal!
The jackal barely misses you.
Your jackal skeleton barely misses the jackal.
Your Spellcasting skill increases to level 3!
Unknown command.
You hit the jackal.
The jackal is heavily wounded.
The jackal bites you.
You die...

##########++
#........... +
#......#..#
####.##..........
.....Zhh..........
#@.....#..#.
#...........
####'#####+
#.......#
#.......#
#.......#
#...<...#
#.......#
#.......#


You could see 2 jackals and a friendly jackal skeleton.

Vanquished Creatures
  2 jackals (D)
2 creatures vanquished.

Notes
Turn   | Place    | Note
-------+----------+-------------------------------------------
     0 | D        | BigDaddyOpFi the Mummy Necromancer began the quest for the
                  | Orb.
     0 | D        | Reached XP level 1. HP: 13/13 MP: 4/4
    36 | D        | Slain by a jackal

Illustrated notes

Levels and vault maps discovered:
D:        pitsprint [storerooms_1, entrance_room_1, metal_vault_6, armoury_2,
          mini_pit_1, grid_room_1, main_hall_1, silver_pit, the_coven_1,
          the_vestibule_1, steel_vault_5, golden_pit, hallway_of_sentries,
          crystal_vault_1, iron_vault_4, final_vault]

Skill      XL: |  1 |
---------------+----+-----
Spellcasting   | 3 |  3.0
Dodging        | |  1.7
Stealth        | |  1.6
Necromancy     | |  4.6

Action                     || total
---------------------------++-------
  Melee: Unarmed           ||    13
   Cast: Necrotise         ||     4
 Armour: Robe              ||    20
  Dodge: Dodged            ||    23
